 Dungeon Crawl Stone Soup version 0.29-a0-1043-g569b05d6ff (webtiles) character file.

Game seed: 17555244235973952429

1495 jlumianski the Chopper (level 8, -1/62 HPs)
             Began as a Demonspawn Gladiator on Aug 15, 2022.
             Was an Initiate of Hepliaklqana.
             Slain by Duvessa
             ... wielding a +0 short sword
              (13 damage)
             ... on level 5 of the Dungeon.
             The game lasted 00:15:20 (6527 turns).

jlumianski the Chopper (Demonspawn Gladiator)       Turns: 6527, Time: 00:15:21

Health: -1/62      AC: 13    Str: 16    XL:     8   Next: 51%
Magic:  9/9        EV: 13    Int: 13    God:    Hepliaklqana [......]
Gold:   403        SH:  0    Dex: 18    Spells: 7/7 levels left

rFire   + . .      SeeInvis .   a - +0 war axe
rCold   + . .      Faith    .   (no shield)
rNeg    . . .      Spirit   .   k - +0 chain mail
rPois   .          Reflect  .   c - +2 helmet
rElec   .          Harm     .   s - scarf {rC+ rF+}
rCorr   .          Rampage  .   (no gloves)
Will    .....                   (no boots)
Stlth   +.........              (no amulet)
HPRegen 0.20/turn               (no ring)
MPRegen 0.11/turn               (no ring)

@: mighty, agile
A: thin skeletal structure 2, powered by pain 1, weakness stinger 1, clever 1,
high MP 1
a: Renounce Religion


You were on level 5 of the Dungeon.
You worshipped Hepliaklqana.
Hepliaklqana was noncommittal.
You visited 1 branch of the dungeon, and saw 5 of its levels.

You collected 403 gold pieces.

Inventory:

Hand Weapons
 a - a +0 war axe (weapon)
 j - a +3 dagger
 q - a +0 sling
 D - a +0 whip of freezing
 F - a +0 vorpal mace
Missiles
 d - 2 throwing nets
 e - a javelin
 f - 2 boomerangs of dispersal
 p - 22 stones (quivered)
 w - 5 silver javelins
Armour
 b - a +0 leather armour
 c - a +2 helmet (worn)
 k - a +0 chain mail (worn)
 s - a scarf of resistance (worn)
Jewellery
 E - a ring of magical power
Wands
 v - a wand of paralysis (1)
 y - a wand of roots (9)
Scrolls
 l - 2 scrolls of teleportation
 n - a scroll of poison {unknown}
 r - a scroll of silence {unknown}
 x - a scroll of vulnerability {unknown}
 z - a scroll of brand weapon {unknown}
 B - a scroll of amnesia
 C - a scroll of summoning {unknown}
Potions
 g - 3 potions of heal wounds
 h - 3 potions of curing
 i - a potion of mutation
 m - a potion of haste
 o - a potion of cancellation
 t - a potion of invisibility
 u - a potion of flight {unknown}
 A - a potion of ambrosia {unknown}
 G - a potion of attraction {unknown}


   Skills:
 + Level 5.0 Fighting
 + Level 6.8 Axes
 + Level 2.0 Throwing
 + Level 4.9 Armour
 + Level 3.4 Dodging
 * Level 1.4 Stealth
 * Level 1.1 Invocations
 * Level 1.0 Evocations


You had 7 spell levels left.
You didn't know any spells.
Your spell library contained the following spells:

 Spells                   Type           Power      Damage    Failure   Level
 Apportation              Tloc           0%         N/A       99%         1
 Sting                    Tmut/Pois      0%         1d3       99%         1
 Blink                    Tloc           0%         N/A       100%        2
 Ensorcelled Hibernation  Hex/Ice        0%         N/A       100%        2
 Poisonous Vapours        Pois/Air       0%         N/A       100%        2
 Spider Form              Tmut/Pois      0%         N/A       100%        3
 Anguish                  Hex/Necr       0%         N/A       100%        4
 Animate Dead             Necr           0%         N/A       100%        4
 Corpse Rot               Necr/Pois/Air  0%         N/A       100%        4
 Dispel Undead            Necr           0%         3d6       100%        4
 Olgreb's Toxic Radiance  Pois           0%         N/A       100%        4
 Alistair's Intoxication  Tmut/Pois      0%         N/A       100%        5
 Manifold Assault         Tloc           0%         N/A       100%        5
 Death Channel            Necr           0%         N/A       100%        6
 Storm Form               Tmut/Air       0%         N/A       100%        7


Dungeon Overview and Level Annotations

Branches:
Dungeon (5/15)
 Temple: D:4-7

Altars:
Hepliaklqana

Shops:
D:5 (

Annotations:
D:5 Duvessa


Innate Abilities, Weirdness & Mutations

You have a moderately thin skeletal structure. (Dex +4, Stealth++)
You sometimes gain a little power by taking damage.
You have a small tail.
Your mind is acute. (Int +4, Str/Dex -1)
You have an increased reservoir of magic. (+10% MP)


Message History

You hit the orc but do no damage.
The orc is moderately wounded.
The orc barely misses you. x2
You slash the orc!
You kill the orc!
You see here a +0 falchion.
Duvessa shouts!
Duvessa goes berserk!
Duvessa hits you but does no damage.
You hit Duvessa.
Duvessa is lightly wounded.
Duvessa barely misses you. Duvessa hits you with a +0 short sword!
You hit Duvessa but do no damage.
Duvessa is lightly wounded.
Duvessa hits you with a +0 short sword!
You focus on the pain.
You feel agile all of a sudden. Duvessa hits you but does no damage.
You closely miss Duvessa.
Duvessa is lightly wounded.
Duvessa closely misses you.
You hit Duvessa.
Duvessa is lightly wounded.
Duvessa barely misses you. Duvessa hits you but does no damage.
You hit Duvessa but do no damage.
You tail-slap Duvessa, but do no damage.
Duvessa is lightly wounded.
Duvessa completely misses you. Duvessa hits you with a +0 short sword.
You closely miss Duvessa. You tail-slap Duvessa.
Duvessa is lightly wounded.
Duvessa misses you. Duvessa hits you with a +0 short sword!
You closely miss Duvessa.
Duvessa is lightly wounded.
Duvessa hits you with a +0 short sword!
* * * LOW HITPOINT WARNING * * *
You focus on the pain.
You feel very mighty all of a sudden.
You slice Duvessa!!
Duvessa is heavily wounded.
Duvessa hits you with a +0 short sword!
You die...

.# ###.#
.#e.....
.####...#
......##
.##...###
#......
###.#.#
#8....
....#)#
#...#
#####.#
#...# #
#.# ##..##
## #.#
#.e..#
.####.#
#.@.##
......#
##..##
####..#
##....#
##..####
##....##
##......#
#.....#
#..####.#
##.....#
#.## #.#
#....###
..#
#.###...##
.##
#..)...##


You could see Duvessa (berserk).

Vanquished Creatures
  Pikel (D:3)
  Grinder (D:4)
  Sigmund (D:3)
  A wyvern (D:4)
  An ogre (D:4)
  3 lemures (D:3)
  A bullfrog (D:3)
  A necrophage (D:5)
  Dowan (D:5)
  A howler monkey (D:4)
  A jelly (D:3)
  An orc priest (D:4)
  An orc wizard (D:5)
  6 adders
  3 worms
  4 dart slugs
  9 orcs
  7 ball pythons
  4 endoplasms
  2 giant cockroaches
  8 goblins
  8 hobgoblins
  8 jackals
  3 kobolds
  3 bats
  6 frilled lizards
  9 rats
  3 toadstools (D:5)
98 creatures vanquished.

Vanquished Creatures (others)
  11 fungi (D:5)
  A toadstool (D:5)
12 creatures vanquished.

Grand Total: 110 creatures vanquished

Notes
Turn   | Place    | Note
-------+----------+-------------------------------------------
     0 | D:1      | jlumianski the Demonspawn Gladiator began the quest for the
                  | Orb.
     0 | D:1      | Reached XP level 1. HP: 16/16 MP: 1/1
   151 | D:1      | Got the Compendium of Exhumation
   296 | D:1      | Reached skill level 3 in Axes
   347 | D:1      | Gained mutation: You sometimes gain a little power by
                  | taking damage. [demonic ancestry]
   347 | D:1      | Reached XP level 2. HP: 22/22 MP: 2/2
  1358 | D:2      | Reached XP level 3. HP: 5/27 MP: 3/3
  1604 | D:2      | Found a faded altar of an unknown god.
  1973 | D:2      | Reached skill level 1 in Armour
  2699 | D:3      | Gained mutation: You have a small tail. [demonic ancestry]
  2699 | D:3      | Reached XP level 4. HP: 34/34 MP: 4/4
  2789 | D:3      | Reached skill level 4 in Axes
  3056 | D:3      | Noticed Sigmund
  3065 | D:3      | Killed Sigmund
  3066 | D:3      | Reached XP level 5. HP: 36/39 MP: 5/5
  3953 | D:3      | Gained mutation: You have a somewhat thin skeletal
                  | structure. (Dex +2, Stealth+) [demonic ancestry]
  3953 | D:3      | Reached XP level 6. HP: 34/46 MP: 6/6
  4113 | D:3      | Reached skill level 5 in Axes
  4125 | D:3      | Gained mutation: Your mind is acute. (Int +4, Str/Dex -1)
                  | [potion of mutation]
  4125 | D:3      | Gained mutation: You have an increased reservoir of magic.
                  | (+10% MP) [potion of mutation]
  4188 | D:4      | Noticed Grinder
  4215 | D:4      | Killed Grinder
  4216 | D:4      | Reached skill level 1 in Stealth
  4216 | D:4      | Gained mutation: You have a moderately thin skeletal
                  | structure. (Dex +4, Stealth++) [demonic ancestry]
  4216 | D:4      | Reached XP level 7. HP: 22/52 MP: 7/7
  4813 | D:4      | Noticed Pikel
  4822 | D:4      | Paralysed by Pikel for 3 turns
  5094 | D:3      | Paralysed by Pikel for 4 turns
  5099 | D:3      | Paralysed by Pikel for 2 turns
  5110 | D:3      | Killed Pikel
  5111 | D:3      | Reached skill level 6 in Axes
  5111 | D:3      | Reached XP level 8. HP: 21/61 MP: 8/8
  5659 | D:4      | Found a hazy altar of Hepliaklqana.
  5666 | D:4      | Became a worshipper of Hepliaklqana the Forgotten
  5751 | D:5      | Entered Level 5 of the Dungeon
  5751 | D:5      | Found Ziqabon's Antique Weapon Shop.
  5855 | D:5      | Noticed a troll
  5877 | D:4      | Reached skill level 1 in Invocations
  5877 | D:4      | Reached skill level 1 in Evocations
  6269 | D:5      | Reached skill level 5 in Fighting
  6401 | D:5      | Noticed Dowan
  6434 | D:5      | Killed Dowan
  6484 | D:5      | Noticed Duvessa
  6527 | D:5      | Slain by Duvessa

Illustrated notes

Levels and vault maps discovered:
D:1:      tarquinn_simple_flora_water_d, layout_basic
D:2:      layout_basic, shapermc_ecumenical_altar_starsandcircs
D:3:      layout_loops_ring, grunt_ministairs_12, uniq_sigmund, uniq_natasha
D:4:      layout_rooms, mainiacjoe_overflow_alcove_2,
          chequers_serial_rivers_small_b, uniq_grinder, uniq_pikel
D:5:      kennysheep_big_flooded_room, layout_rooms,
          nicolae_tso_carved_into_rock, nicolae_overflow_hallway_of_the_gods,
          serial_shops, nicolae_stop_n_shop_1, mrwooster_statue_mirror,
          minmay_gold_behind_fungi, minmay_manual_mares, uniq_duvessa

Skill      XL: |  1  2  3  4  5  6  7  8 |
---------------+-------------------------+-----
Axes           | 3 4 5 6 |  6.8
Armour         | 1 2 3 4 |  4.9
Dodging        | 3 |  3.4
Fighting       | 3 4 5 |  5.0
Throwing       | 2 |  2.0
Stealth        | 1 |  1.4
Invocations    | 1 |  1.1
Evocations     | 1 |  1.0

Action                   |  1- 3 |  4- 6 |  7- 9 || total
-------------------------+-------+-------+-------++-------
Melee: War axe           |   127 |    99 |   155 ||   381
       Punch             |     1 |     1 |     1 ||     3
       Tailslap          |       |    10 |    26 ||    36
Throw: Throwing net      |       |     2 |       ||     2
       Stone             |       |     4 |       ||     4
Evoke: Wand              |       |     1 |     1 ||     2
  Use: Potion            |     1 |     2 |     1 ||     4
       Scroll            |       |     4 |     3 ||     7
 Stab: Held in net/web   |       |     1 |       ||     1
Armor: Leather armour    |     8 |       |       ||     8
       Chain mail        |    91 |    74 |    95 ||   260
Dodge: Dodged            |    46 |    54 |    61 ||   161

Table legend: (Time is in decaauts)
 A = Elapsed time spent in this place.
 B = Non-inter-level travel time spent in this place.
 C = Inter-level travel time spent in this place.
 D = Time resting spent in this place.
 E = Time spent auto-exploring this place.
 F = Levels seen in this place.
 G = Mean time per level.
                   A        B        C        D        E       F      G
               +--------+--------+--------+--------+--------+-----+--------+
         Total |   6635 |   6385 |    250 |   1469 |   3132 |   5 | 1327.0 |
       Dungeon |   6635 |   6385 |    250 |   1469 |   3132 |   5 | 1327.0 |
               +--------+--------+--------+--------+--------+-----+--------+

Top non-repeatable levels by time:
     D:3: 2263 daAuts
     D:1: 1364 daAuts
     D:2: 1330 daAuts
     D:4: 1152 daAuts
     D:5: 524 daAuts
